 Dungeon Crawl Stone Soup version 0.27-a0-333-gfa571bf19a (webtiles) character file.

Game seed: 14106353102840499922

19999 inc the Jinx (level 12, -2/57 HPs)
             Began as a Felid Conjurer on Feb 12, 2021.
             Was a Plaything of Xom.
             Slain by a wyvern (12 damage)
             ... on level 3 of the Lair of Beasts.
             The game lasted 00:58:28 (26297 turns).

inc the Jinx (Felid Conjurer)                      Turns: 26297, Time: 00:58:28

Health: -2/57      AC:  5    Str:  1    XL:     12   Next: 41%
Magic:  28/34      EV: 28    Int: 21    God:    Xom [....*.]
Gold:   1046       SH:  0    Dex: 26    Spells: 14/27 levels left
                                        Lives:  0   Deaths: 3

rFire    + . .     SeeInvis +   (weapon unavailable)
rCold    + . .     Faith    .   (shield unavailable)
rNeg     . . .     Spirit   .   (armour unavailable)
rPois    .         Reflect  .   (helmet unavailable)
rElec    .         Harm     .   (cloak unavailable)
rCorr    .         Rampage  .   (gloves unavailable)
Will     +++..                  (boots unavailable)
Stlth    ++++++....             a - amulet of regeneration
HPRegen  0.59/turn              f - +6 ring of dexterity
MPRegen  0.24/turn              A - ring of magical power

@: especially stealthy, quick
A: very small, no armour, no weapons or thrown items, stealth, claws 1, fangs 3,
iridescent scales 1, camouflage 1, see invisible, agile 1, blink, fire
resistance 1, speed 1, strong-willed 2, shaggy fur 3, weak 1, wild magic 1,
sharp paws
a: Blink, Renounce Religion


You were on level 3 of the Lair of Beasts.
You worshipped Xom.
You were a beloved toy of Xom.
You visited 3 branches of the dungeon, and saw 16 of its levels.
You also visited: Bailey and Ice Cave.

You collected 1046 gold pieces.

Inventory:

Jewellery
 a - an amulet of regeneration (around neck)
 f - a +6 ring of dexterity (left paw)
 k - a ring of ice
 p - a ring of willpower
 q - a ring of resist corrosion
 y - a ring of protection from cold
 A - a ring of magical power (right paw)
 G - an amulet of faith
Wands
 m - a wand of polymorph (21)
 x - a wand of flame (28)
 B - a wand of acid (4)
 C - a wand of paralysis (6)
 E - a wand of iceblast (38)
 F - a wand of charming (4)
Scrolls
 b - 2 scrolls of immolation
 d - a scroll of acquirement {unknown}
 e - 5 scrolls of identify
 g - 3 scrolls of amnesia
 i - a scroll of fog
 l - 3 scrolls of enchant armour
 r - 2 scrolls of noise
 t - 4 scrolls of blinking
 v - 2 scrolls of fear
 z - a scroll of silence {unknown}
Potions
 c - 2 potions of cancellation
 h - 2 potions of lignification
 j - a potion of curing
 n - 2 potions of degeneration
 o - 9 potions of flight
 s - 4 potions of brilliance
 u - a potion of mutation
 w - a potion of might
 D - a potion of magic
 H - a potion of berserk rage {unknown}


   Skills:
 + Level 9.5 Fighting
 - Level 8.1 Dodging
 - Level 2.6 Stealth
 - Level 8.3 Spellcasting
 - Level 9.4 Conjurations
 - Level 12.6 Hexes
 - Level 8.6 Summonings
 - Level 7.8 Air Magic


You had 14 spell levels left.
You knew the following spells:

 Your Spells              Type           Power        Failure   Level
a - Magic Dart            Conj           100%         1%          1
b - Searing Ray           Conj           100%         1%          2
c - Fulminant Prism       Conj/Hex       32%          1%          4
d - Summon Lightning Spi  Summ/Air       54%          4%          4
t - Blink                 Tloc           N/A          17%         2

Your spell library contained the following spells:

 Spells                   Type           Power        Failure   Level
 Summon Small Mammal      Summ           100%         1%          1
 Call Imp                 Summ           55%          1%          2
 Slow                     Hex            69%          1%          2
 Call Canine Familiar     Summ           55%          1%          3
 Confusing Touch          Hex            69%          1%          3
 Dazzling Flash           Conj/Hex       100%         1%          3
 Summon Guardian Golem    Hex/Summ       62%          1%          3
 Mephitic Cloud           Conj/Pois/Air  42%          4%          3
 Conjure Flame            Conj/Fire      37%          5%          3
 Freeze                   Ice            44%          12%         1
 Hailstorm                Conj/Ice       37%          16%         4
 Iskenderun's Mystic Bla  Conj/Tloc      37%          16%         4
 Summon Ice Beast         Ice/Summ       34%          19%         4
 Metabolic Englaciation   Hex/Ice        22%          22%         5
 Yara's Violent Unravell  Hex/Tmut       22%          22%         5
 Frozen Ramparts          Ice            22%          32%         3
 Gell's Gravitas          Tloc           5%           32%         3
 Ozocubu's Armour         Ice            11%          32%         3
 Petrify                  Tmut/Erth      11%          69%         4


Dungeon Overview and Level Annotations

Branches:
Dungeon (12/15)            Temple (1/1) D:5            Lair (3/6) D:11
    Orc (0/2) D:11         Bailey (visited)           IceCv (visited)
  Swamp: Lair:2-4    Shoals: Lair:2-4     Snake: Lair:2-4    Spider: Lair:2-4

Altars:
Ashenzari
Cheibriados
Dithmenos
Elyvilon
Fedhas
Gozag
Hepliaklqana
Kikubaaqudgha
Makhleb
Nemelex Xobeh
Okawaru
Qazlal
Ru
Sif Muna
Trog
Uskayaw
Vehumet
Wu Jian
Xom
Yredelemnul
Zin
The Shining One

Annotations:
D:12 exclusion: orange crystal statue


Innate Abilities, Weirdness & Mutations

You cannot wear armour.
You are incapable of wielding weapons or throwing items.
Your paws allow you to move quietly. (Stealth)
You have sharp claws.
You have razor-sharp teeth.
You have supernaturally acute eyesight. (SInv)
You cover ground quickly.
Your thick and shaggy fur keeps you warm. (AC +3, rC+)
Your sharp claws are effective at attacking unaware monsters.
You are partially covered in iridescent scales. (AC +2)
Your skin changes colour to match your surroundings (Stealth+).
You are agile. (Dex +2)
You can translocate small distances at will.
Your flesh is heat resistant. (rF+)
You are highly strong-willed. (Will++)
You are weak. (Str -2)
Your spells are a little harder to cast, but a little more powerful.


Message History

A bullfrog comes into view.
Found a stone staircase leading down.
There is a stone staircase leading up here.
A bullfrog is nearby!
Casting: Searing Ray (safe; 1% risk of failure)
Confirm with . or Enter, or press ? or * to list all spells.
Aiming: Searing Ray (safe; 1% risk of failure)
Press: ? - help, Shift-Dir - straight line, f - bullfrog
Aim: a bullfrog (asleep, 0% to evade)
The searing ray hits the bullfrog!
The bullfrog is heavily wounded.
The bullfrog gives a loud, deep croak! (Press . to maintain the ray.)
The searing ray hits the bullfrog!
You kill the bullfrog!
A wyvern comes into view.
A wyvern is nearby!
A wyvern is nearby!
Unknown command.
Found an escape hatch in the floor.
The wyvern closely misses you.
Casting: Searing Ray (safe; 1% risk of failure)
Confirm with . or Enter, or press ? or * to list all spells.
Aiming: Searing Ray (safe; 1% risk of failure)
Press: ? - help, Shift-Dir - straight line, f - wyvern
Aim: a wyvern (17% to evade)
The searing ray hits the wyvern.
The wyvern is lightly wounded. (Press . to maintain the ray.)
The wyvern bites you!
The searing ray hits the wyvern!
The wyvern is severely wounded.
The wyvern bites you! The wyvern bites you!!
* * * LOW HITPOINT WARNING * * *
A shower of butterflies erupts from you!
You emit a cloud of colourful smoke!
The searing ray hits the wyvern!
The wyvern is almost dead.
The wyvern bites you!
You die...

#. ....#.. #.
....#..
.......>.. ##
........# . #.
.#.....##. ..
#.##......P..
#..#...l§.......
......§@§.b....
..#.b#b....##..
..#...b...##
......b<..b#
...#...##.#...>
.....## ####..#
....# ## ...#
..#


You could see a wyvern (ally target).

Vanquished Creatures
  A necromancer (IceCv)
  An orc knight (Bailey)
  An oklob plant (Lair:1)
  3 ugly things
  An ice statue (IceCv)
  A centaur zombie (D:11)
  A rime drake (Lair:2)
  5 cane toads
  Psyche (D:11)
  10 freezing wraiths (IceCv)
  2 ice devils (D:11)
  3 trolls
  3 slime creatures
  2 blink frogs (Lair:2)
  Sigmund (D:3)
  10 yaks
  A basilisk (Lair:1)
  A steam dragon (D:7)
  5 wyverns
  3 death yak simulacra (IceCv)
  Menkaure (D:6)
  A soldier ant (D:10)
  11 water moccasins
  A black bear (D:6)
  3 ice beasts
  3 sky beasts
  5 ogres
  14 orc warriors
  A centaur (D:6)
  7 wolves (Lair:2)
  6 phantoms
  A wyvern zombie (D:7)
  11 bullfrogs
  6 scorpions
  13 killer bees
  11 wights
  A howler monkey (D:7)
  A crimson imp (D:2)
  A bullfrog zombie (D:5)
  7 draconian simulacra (IceCv)
  2 jellies
  3 centaur skeletons
  6 orc priests
  A hound (D:7)
  Crazy Yiuf (D:2)
  3 gnoll shamans (D:4)
  14 orc wizards
  Jessica (D:3)
  An iguana (D:4)
  Ijyb (D:3)
  Natasha (twice) (D:2)
  A troll simulacrum (IceCv)
  8 worker ants
  A spriggan simulacrum (IceCv)
  2 centaur simulacra (IceCv)
  A hound zombie (D:9)
  A howler monkey zombie (D:9)
  A mummy (D:7)
  45 gnolls
  8 adders
  5 naga simulacra (IceCv)
  4 ogre simulacra (IceCv)
  3 shadow imps
  12 white imps
  An ufetubus (D:8)
  An ooze (D:1)
  A worm (D:2)
  2 dart slugs (D:2)
  7 leopard geckos
  58 orcs
  4 ball pythons
  4 bats
  15 giant cockroaches
  21 goblins
  23 hobgoblins
  29 jackals
  9 kobolds
  3 quokkas
  12 frilled lizards
  A giant cockroach zombie (D:6)
  A hobgoblin zombie (D:7)
  A jackal skeleton (D:5)
  A jackal zombie (D:5)
  An orc zombie (D:7)
  6 rats
489 creatures vanquished.

Vanquished Creatures (collateral kills)
  A two-headed ogre (D:12)
  Joseph (Lair:1)
  A cane toad (Lair:2)
  A wolf spider simulacrum (IceCv)
  2 blink frogs (Lair:2)
  7 yaks
  A basilisk (D:12)
  A water moccasin (Lair:1)
  3 ice beasts (IceCv)
  An orc warrior (D:12)
  A black bear (Lair:1)
  2 wolves (Lair:2)
  A bullfrog (Lair:1)
  A killer bee (D:7)
  2 hounds (D:12)
  2 white imps (IceCv)
28 creatures vanquished.

Vanquished Creatures (others)
  A worker ant (D:7)
  A goblin (Bailey)
  75 fulminant prisms
  15 fungi
  25 plants
117 creatures vanquished.

Grand Total: 634 creatures vanquished

Notes
Turn   | Place    | Note
-------+----------+-------------------------------------------
     0 | D:1      | inc the Felid Conjurer began the quest for the Orb.
     0 | D:1      | Reached XP level 1. HP: 7/7 MP: 4/4
   708 | D:1      | Reached XP level 2. HP: 11/11 MP: 3/6
   886 | D:1      | Learned a level 2 spell: Searing Ray
  1509 | D:1      | Reached XP level 3. HP: 14/14 MP: 4/7
  2750 | D:2      | Found a burning altar of Makhleb.
  2969 | D:2      | Reached skill level 5 in Conjurations
  3035 | D:2      | Reached XP level 4. HP: 18/18 MP: 1/8
  3173 | D:2      | Noticed Natasha
  3461 | D:2      | Found an opulent altar of Gozag.
  3834 | D:2      | Killed Natasha
  3835 | D:2      | Reached XP level 5. HP: 21/21 MP: 5/9
  4013 | D:2      | Noticed Natasha
  4018 | D:2      | Killed Natasha
  4291 | D:2      | Found a runed translucent door.
  4292 | D:2      | Noticed Crazy Yiuf
  4313 | D:2      | Killed Crazy Yiuf
  4550 | D:3      | Noticed Sigmund
  5056 | D:3      | Killed Sigmund
  5057 | D:3      | Gained mutation: You are covered in thick fur. (AC +2)
                  | [Felid growth]
  5057 | D:3      | Reached XP level 6. HP: 20/24 MP: 4/10
  5158 | D:3      | Noticed Ijyb
  5171 | D:3      | Killed Ijyb
  5616 | D:3      | Noticed Jessica
  5618 | D:3      | Killed Jessica
  6202 | D:4      | Reached XP level 7. HP: 24/27 MP: 6/11
  8302 | D:4      | Reached XP level 8. HP: 22/31 MP: 1/12
  8723 | D:4      | Learned a level 4 spell: Fulminant Prism
  8838 | D:4      | Reached skill level 1 in Hexes
  8951 | D:4      | Reached skill level 2 in Hexes
  9076 | D:5      | Entered Level 5 of the Dungeon
  9113 | D:5      | Reached skill level 4 in Hexes
  9279 | D:5      | Found a staircase to the Ecumenical Temple.
  9299 | Temple   | Entered the Ecumenical Temple
  9539 | Temple   | Became a worshipper of Xom of Chaos
  9617 | D:5      | Reached skill level 5 in Hexes
  9680 | D:5      | XOM: butterfly on damage
  9702 | D:5      | Reached skill level 6 in Hexes
  9796 | D:5      | Found a glowing golden altar of the Shining One.
  9796 | D:5      | XOM: 5-stop teleportation journey
 10073 | D:5      | XOM: noise
 10455 | D:5      | XOM: give mutations
 10455 | D:5      | Gained mutation: You are dopey. (Int -2) [Xom's mischief]
 10455 | D:5      | Gained mutation: You are weak. (Str -2) [Xom's mischief]
 10508 | D:6      | Reached skill level 7 in Hexes
 10737 | D:6      | XOM: noise
 10806 | D:6      | Reached skill level 8 in Hexes
 10874 | D:6      | Reached skill level 9 in Hexes
 10929 | D:6      | Found a basalt altar of Yredelemnul.
 11043 | D:6      | Found a sacrificial altar of Ru.
 11051 | D:6      | Noticed Menkaure
 11057 | D:6      | XOM: butterfly on damage
 11058 | D:6      | Killed Menkaure
 11059 | D:6      | Reached XP level 9. HP: 18/34 MP: 3/13
 11145 | D:6      | Reached skill level 10 in Hexes
 11338 | D:6      | Found a white marble altar of Elyvilon.
 11570 | D:7      | XOM: 4-stop teleportation journey
 11579 | D:7      | Reached skill level 11 in Hexes
 11585 | D:7      | XOM: confusion (+ monsters)
 11591 | D:7      | XOM: noise
 11703 | D:7      | XOM: polymorph killer bee -> steam dragon
 11705 | D:7      | XOM: smoke on damage
 11724 | D:7      | XOM: butterfly on damage
 11745 | D:7      | HP: 1/34 [killer bee (8)]
 11965 | D:7      | XOM: confuse monster(s)
 11989 | D:7      | Reached skill level 12 in Hexes
 12000 | D:7      | HP: 1/34 [orc/+0 flail (8)]
 12008 | D:7      | XOM: butterfly on damage
 12024 | D:7      | XOM: enchant monster (good)
 12028 | D:7      | Slain by a killer bee
 12029 | D:7      | Reached XP level 8. HP: -1/31 MP: 5/12
 12056 | D:7      | Found a white marble altar of Elyvilon.
 12103 | D:7      | XOM: butterfly on damage
 12118 | D:7      | XOM: cast spell 'Summon Hydra'
 12159 | D:7      | Found a sand-covered staircase.
 12313 | D:7      | Reached skill level 1 in Fighting
 12641 | D:7      | XOM: cloud trail
 13015 | D:7      | XOM: potion effect (curing)
 13109 | D:7      | Reached XP level 9. HP: 37/37 MP: 8/13
 13160 | D:7      | XOM: divination: detect items
 13186 | D:7      | XOM: noise
 13748 | D:8      | Reached skill level 5 in Dodging
 13881 | D:8      | XOM: 5-stop teleportation journey
 13909 | D:8      | XOM: confuse monster(s)
 13935 | D:7      | XOM: enchant monster (good)
 14149 | D:8      | XOM: divination: detect creatures
 14157 | D:8      | XOM: potion effect (magic)
 14563 | D:8      | Found a white marble altar of Elyvilon.
 14670 | D:8      | XOM: silly message
 14890 | D:9      | XOM: silly message
 15085 | D:9      | Noticed a troll
 15092 | D:9      | XOM: potion effect (brilliance)
 15105 | D:9      | XOM: silly message
 15119 | D:9      | Killed a troll
 15217 | D:9      | XOM: noise
 15512 | D:9      | Learned a level 2 spell: Blink
 15592 | D:9      | XOM: noise
 15607 | D:9      | XOM: god gift: glowing leather armour {god gift}
 15618 | D:9      | XOM: confusion (+ monsters)
 15638 | D:9      | Reached skill level 5 in Fighting
 15746 | D:9      | XOM: scenery: 1 doors open, 1 doors close
 16075 | D:9      | XOM: summons 5 hostile demons
 16247 | D:9      | Noticed a troll
 16254 | D:9      | XOM: fog
 16326 | D:9      | XOM: scenery: 1 doors open
 16428 | D:9      | XOM: noise
 16469 | D:9      | XOM: confuse monster(s)
 16477 | D:9      | Killed a troll
 16638 | D:9      | Noticed a boulder beetle
 16713 | D:10     | Entered Level 10 of the Dungeon
 16715 | D:10     | XOM: give mutations
 16715 | D:10     | Gained mutation: Your skin changes colour to match your
                  | surroundings (Stealth+). [Xom's grace]
 16715 | D:10     | Gained mutation: You have a pair of small antennae on your
                  | head. [Xom's grace]
 16715 | D:10     | Gained mutation: Your spells are a little harder to cast,
                  | but a little more powerful. [Xom's grace]
 16715 | D:10     | Gained mutation: You are agile. (Dex +2) [Xom's grace]
 16752 | D:10     | Reached XP level 10. HP: 44/44 MP: 9/14
 16757 | D:10     | XOM: scenery: create altars
 16803 | D:10     | XOM: summons friendly white imp
 16828 | D:10     | XOM: noise
 16888 | D:10     | Found a flagged portal.
 16947 | Bailey   | Entered a bailey
 17379 | Bailey   | XOM: noise
 17587 | Bailey   | XOM: scenery: summon butterflies
 17599 | Bailey   | XOM: summons friendly white imp
 17708 | Bailey   | Noticed an orc knight
 17720 | Bailey   | Killed an orc knight
 17791 | Bailey   | Reached skill level 5 in Spellcasting
 18247 | Bailey   | XOM: destruction
 18251 | Bailey   | Identified the +4 fustibalus "Nicw" {venom, MP-9 Int+4}
 18252 | Bailey   | XOM: cleaving
 18254 | Bailey   | Noticed an orc warlord
 18272 | Bailey   | XOM: summons 10 friendly demons
 18319 | Bailey   | XOM: blink monster(s)
 18328 | Bailey   | XOM: confuse monster(s)
 18343 | Bailey   | XOM: potion effect (might)
 18356 | Bailey   | XOM: enchant monster (good)
 18382 | Bailey   | XOM: confuse monster(s)
 18454 | Bailey   | XOM: cloud trail
 18560 | Bailey   | Slain by an orc warlord
 18561 | Bailey   | Reached XP level 9. HP: 0/41 MP: 9/18
 18584 | Bailey   | XOM: cloud trail
 18689 | Bailey   | XOM: confuse monster(s)
 18691 | Bailey   | XOM: divination: magic mapping
 18746 | D:10     | Noticed a troll
 18747 | D:10     | XOM: swap monsters
 18758 | D:10     | XOM: blink monster(s)
 18758 | D:10     | XOM: butterfly on damage
 18758 | D:10     | HP: 2/41 [troll (8)]
 18766 | D:10     | XOM: confuse monster(s)
 18767 | D:10     | Killed a troll
 18907 | D:10     | XOM: divination: detect creatures
 19073 | D:10     | XOM: 3-stop teleportation journey
 19213 | D:10     | Found a glowing golden altar of the Shining One.
 19377 | D:10     | XOM: 3-stop teleportation journey
 19730 | D:10     | XOM: silly message
 20018 | D:11     | Found a staircase to the Orcish Mines.
 20018 | D:11     | Noticed a red ugly thing
 20037 | D:10     | XOM: polymorph red ugly thing -> purple ugly thing
 20069 | D:10     | Killed a purple ugly thing
 20070 | D:10     | Reached XP level 10. HP: 45/45 MP: 11/21
 20138 | D:11     | Noticed Psyche
 20142 | D:11     | Killed Psyche
 20212 | D:11     | XOM: draining
 20262 | D:11     | XOM: silly message
 20390 | D:11     | Found a frozen archway.
 20406 | D:11     | XOM: confusion
 20409 | D:11     | XOM: 2-stop teleportation journey
 20417 | D:11     | Found a broken altar of Ashenzari.
 20595 | D:11     | Noticed a cyan ugly thing
 20595 | D:11     | XOM: blink monster(s)
 20618 | D:11     | Killed a cyan ugly thing
 20634 | D:11     | Learned a level 4 spell: Summon Lightning Spire
 20634 | D:11     | Reached skill level 5 in Summonings
 20634 | D:11     | Reached skill level 5 in Air Magic
 20634 | D:11     | Reached XP level 11. HP: 48/48 MP: 24/24
 20683 | D:11     | XOM: enchant monster (good)
 20727 | IceCv    | Entered an ice cave
 20731 | IceCv    | XOM: god gift: 7 atropa-tipped darts
 20736 | IceCv    | XOM: potion effect (curing)
 20736 | IceCv    | XOM: butterfly on damage
 20740 | IceCv    | XOM: smoke on damage
 20740 | IceCv    | Annihilated by a death yak simulacrum
 20741 | IceCv    | Reached XP level 10. HP: -24/45 MP: 17/32
 20865 | IceCv    | XOM: silly message
 20923 | IceCv    | XOM: polymorph ice beast -> water moccasin
 20952 | IceCv    | XOM: give mutation
 20952 | IceCv    | Gained mutation: You have a somewhat thin skeletal
                  | structure. (Dex +2, Stealth) [Xom's grace]
 21069 | IceCv    | Found an ancient bone altar of Kikubaaqudgha.
 21115 | IceCv    | XOM: enchant monster (good)
 21207 | IceCv    | XOM: 1-stop teleportation journey
 21234 | IceCv    | XOM: enchant monster (good)
 21312 | IceCv    | XOM: cleaving
 21321 | IceCv    | XOM: give mutations
 21321 | IceCv    | Gained mutation: You can translocate small distances at
                  | will. [Xom's grace]
 21321 | IceCv    | Gained mutation: Your flesh is heat resistant. (rF+) [Xom's
                  | grace]
 21321 | IceCv    | Gained mutation: You are partially covered in iridescent
                  | scales. (AC +2) [Xom's grace]
 21326 | IceCv    | XOM: butterfly on damage
 21333 | IceCv    | XOM: god gift: +0 staff of Battle
 21334 | IceCv    | Found the +0 staff of Battle
 21372 | IceCv    | XOM: cloud trail
 21430 | IceCv    | Reached XP level 11. HP: 24/48 MP: 24/24
 21442 | IceCv    | Noticed a necromancer
 21453 | IceCv    | Killed a necromancer
 21660 | IceCv    | XOM: scenery: summon butterflies
 21740 | IceCv    | XOM: summons 6 friendly demons
 21757 | IceCv    | XOM: scenery: create altars
 21759 | IceCv    | XOM: give mutations
 21759 | IceCv    | Gained mutation: You are strong-willed. (Will+) [Xom's
                  | grace]
 21759 | IceCv    | Gained mutation: Your flesh is cold resistant. (rC+) [Xom's
                  | grace]
 21759 | IceCv    | Gained mutation: You are highly strong-willed. (Will++)
                  | [Xom's grace]
 21874 | IceCv    | XOM: fake destruction
 21875 | IceCv    | XOM: fake destruction
 21918 | IceCv    | XOM: summons 11 friendly demons
 21954 | IceCv    | XOM: cast spell 'Summon Horrible Things'
 22280 | IceCv    | XOM: summons 10 friendly demons
 22307 | IceCv    | XOM: noise
 22511 | IceCv    | XOM: silly message
 22538 | IceCv    | XOM: noise
 22840 | D:11     | Found a staircase to the Lair.
 23117 | D:11     | XOM: divination: detect items
 23168 | D:11     | XOM: noise
 23388 | D:11     | XOM: give mutations
 23388 | D:11     | Lost mutation: You have a somewhat thin skeletal structure.
                  | (Dex +2, Stealth) [Xom's mischief]
 23388 | D:11     | Lost mutation: You have a pair of small antennae on your
                  | head. [Xom's mischief]
 23388 | D:11     | Lost mutation: You are dopey. (Int -2) [Xom's mischief]
 23408 | D:11     | Noticed a red ugly thing
 23417 | D:11     | Killed a red ugly thing
 23555 | D:11     | XOM: give mutations
 23555 | D:11     | Gained mutation: Your body sometimes deteriorates upon
                  | taking damage. [Xom's mischief]
 23555 | D:11     | Lost mutation: Your body sometimes deteriorates upon taking
                  | damage. [Xom's mischief]
 23555 | D:11     | Lost mutation: Your flesh is cold resistant. (rC+) [Xom's
                  | mischief]
 23595 | D:12     | Noticed an orange crystal statue
 23675 | D:12     | Noticed a two-headed ogre
 23689 | D:12     | Killed a two-headed ogre
 23765 | D:12     | XOM: 1-stop teleportation journey
 23865 | D:12     | XOM: enchant monster (bad)
 23963 | D:12     | XOM: confusion
 23970 | D:12     | Noticed a wizard
 23972 | D:12     | XOM: silly message
 23973 | D:12     | XOM: 3-stop teleportation journey
 24049 | Lair:1   | Entered Level 1 of the Lair of Beasts
 24055 | Lair:1   | Noticed Joseph
 24066 | Lair:1   | XOM: repel stairs
 24069 | Lair:1   | XOM: god gift: 44 gold pieces
 24083 | Lair:1   | Noticed an oklob plant
 24092 | Lair:1   | XOM: 1-stop teleportation journey
 24112 | Lair:1   | XOM: summons 11 friendly demons
 24137 | Lair:1   | XOM: 7-stop teleportation journey
 24274 | Lair:1   | Killed Joseph
 24378 | Lair:1   | XOM: god gift: 21 gold pieces
 24397 | Lair:1   | Killed an oklob plant
 24398 | Lair:1   | Gained mutation: Your thick and shaggy fur keeps you warm.
                  | (AC +3, rC+) [Felid growth]
 24398 | Lair:1   | Reached XP level 12. HP: 55/55 MP: 23/25
 24458 | Lair:1   | XOM: 9-stop teleportation journey
 24894 | Lair:2   | XOM: summons 4 hostile shadow creatures
 24909 | Lair:2   | XOM: confusion (+ monsters)
 24910 | Lair:2   | XOM: confusion
 24920 | Lair:2   | XOM: 1-stop teleportation journey
 25321 | Lair:2   | XOM: confuse monster(s)
 25326 | Lair:2   | XOM: god gift: scroll of fear
 25339 | Lair:2   | XOM: potion effect (magic)
 25428 | Lair:2   | XOM: 1-stop teleportation journey
 25434 | Lair:2   | XOM: summons 2 friendly demons
 25643 | Lair:2   | XOM: summons friendly shadow imp
 25656 | Lair:2   | XOM: smoke on damage
 25705 | Lair:2   | XOM: divination: detect items
 25863 | Lair:2   | XOM: 6-stop teleportation journey
 25885 | Lair:2   | XOM: scenery: summon butterflies
 26086 | Lair:2   | XOM: cloud trail
 26288 | Lair:3   | XOM: stealth player
 26296 | Lair:3   | XOM: butterfly on damage
 26296 | Lair:3   | XOM: smoke on damage
 26297 | Lair:3   | Slain by a wyvern

Illustrated notes

Levels and vault maps discovered:
D:1:      amcnicky_arrival_underground_garden, layout_loops_ring
D:2:      layout_loops_corners, makhleb_grotto_becter, grunt_gozag_breadcrumbs,
          uniq_natasha, uniq_crazy_yiuf_cottage
D:3:      layout_loops_ring, uniq_ijyb, uniq_sigmund, uniq_jessica
D:4:      lemuel_castle_with_subvaults [lemuel_castle_interior_carwin_3],
          layout_gridville, grunt_ministairs_13
D:5:      layout_cave_pods, minmay_temple_entry_grid, tso_metal_star
D:6:      layout_rooms, kennysheep_ying_yang, lemuel_round_altar,
          chequers_mini_garden, uniq_menkaure
D:7:      layout_basic, nicolae_ossuary_entry_giza, basic_altar
D:8:      layout_cave_pools, elyvilon_altar_5
D:9:      layout_stronghold
D:10:     layout_loops_corners, basic_altar, enter_bailey_2, wad_mini_maze
D:11:     layout_roguey, minmay_lair_entry_grove, orc_0_dummy,
          portal_ice_cave_demonic_guard, basic_altar, minmay_hedge_maze,
          uniq_psyche
D:12:     minmay_the_grid_square_5x5_4x4_mashed
          [minmay_the_grid_square_5x5_percent,
          minmay_the_grid_square_5x5_tri_point,
          minmay_the_grid_square_5x5_inverted_slash,
          minmay_the_grid_square_5x5_three_walls, minmay_the_grid_square_5x5_n,
          minmay_the_grid_square_5x5_prize_gold,
          minmay_the_grid_square_5x5_prize_waves,
          minmay_the_grid_square_5x5_longway, minmay_the_grid_square_5x5_inset,
          minmay_the_grid_square_5x5_prize_open,
          minmay_the_grid_square_5x5_prize_open, minmay_the_grid_square_5x5_c,
          minmay_the_grid_square_5x5_three,
          minmay_the_grid_square_5x5_tetrominoes,
          minmay_the_grid_square_5x5_spiral_small,
          minmay_the_grid_square_5x5_meh], layout_gridville, basic_altar,
          grunt_decor_cap, minivault_16
Temple:   hc_temple_tempest_star
Lair:1:   layout_big_grid, minmay_lair_oklob_chamber, uniq_joseph
Lair:2:   layout_cave_shapes
Lair:3:   layout_misc_corridors

Skill      XL: |  1  2  3  4  5  6  7  8  9 10 11 12 |
---------------+-------------------------------------+-----
Conjurations   | 4 5 7 9 |  9.4
Hexes          | 9 12 | 12.6
Dodging        | 4 7 8 |  8.1
Fighting       | 2 5 7 9 |  9.5
Spellcasting   | 6 8 |  8.3
Summonings     | 5 8 |  8.6
Air Magic      | 6 7 |  7.8
Stealth        | |  2.6

Action                   |  1- 3 |  4- 6 |  7- 9 | 10-12 || total
-------------------------+-------+-------+-------+-------++-------
Melee: Unarmed           |     6 |     6 |     7 |    29 ||    48
       Bite              |     1 |       |       |     5 ||     6
 Cast: Magic Dart        |    64 |    70 |   228 |    61 ||   423
       Searing Ray       |    13 |    20 |   145 |   162 ||   340
       Fulminant Prism   |       |       |    25 |    50 ||    75
       Summon Lightning  |       |       |       |    17 ||    17
Evoke: Wand              |       |       |    10 |       ||    10
  Use: Scroll            |       |       |    19 |     4 ||    23
       Potion            |       |       |     5 |     6 ||    11
 Stab: Confused          |       |       |     1 |       ||     1
       Sleeping          |       |       |       |     1 ||     1
Armor: Skin              |     2 |     1 |     8 |    10 ||    21
Dodge: Dodged            |    28 |    17 |   256 |   275 ||   576

Table legend: (Time is in decaauts)
 A = Elapsed time spent in this place.
 B = Non-inter-level travel time spent in this place.
 C = Inter-level travel time spent in this place.
 D = Time resting spent in this place.
 E = Time spent auto-exploring this place.
 F = Levels seen in this place.
 G = Mean time per level.
                   A        B        C        D        E       F      G
               +--------+--------+--------+--------+--------+-----+--------+
         Total |  23819 |  23155 |    664 |   8587 |   9603 |  18 | 1323.3 |
       Dungeon |  18066 |  17456 |    610 |   6189 |   8080 |  12 | 1505.5 |
        Temple |    207 |    200 |      7 |     37 |    140 |   1 |  207.0 |
          Lair |   1991 |   1945 |     46 |    552 |    894 |   3 |  663.7 |
        Bailey |   1650 |   1650 |      0 |    921 |     91 |   1 | 1650.0 |
      Ice Cave |   1903 |   1903 |      0 |    886 |    397 |   1 | 1903.0 |
               +--------+--------+--------+--------+--------+-----+--------+

Top non-repeatable levels by time:
     D:4: 2852 daAuts
     D:7: 2194 daAuts
     D:1: 2148 daAuts
   IceCv: 1903 daAuts
     D:2: 1851 daAuts
  Bailey: 1650 daAuts
     D:9: 1637 daAuts
     D:3: 1454 daAuts
    D:10: 1426 daAuts
  Lair:2: 1356 daAuts
    D:11: 1307 daAuts
     D:5: 1083 daAuts
     D:6: 969 daAuts
     D:8: 775 daAuts
  Lair:1: 626 daAuts
